 Dungeon Crawl Stone Soup version 0.17.1-3-g152610e (webtiles) character file.

47 MenacingMecha the Sneak (level 3, -4/16 HPs)
             Began as a Spriggan Enchanter on Feb 21, 2016.
             Killed from afar by Natasha (6 damage)
             ... with a magic dart
             ... on level 2 of the Dungeon.
             The game lasted 00:02:53 (956 turns).

MenacingMecha the Sneak (Spriggan Enchanter)         Turns: 956, Time: 00:02:54

Health: -4/16      AC:  3    Str:  4    XL:     3   Next: 48%
Magic:  4/8        EV: 18    Int: 17    God:
Gold:   36         SH:  0    Dex: 16    Spells: 2 memorised, 4 levels left

rFire  + . .     SeeInvis +     a - +1 dagger
rCold  x . .     Clarity  .     b - +1 robe
rNeg   . . .     SustAt   .     (shield restricted)
rPois  .         Gourm    .     (helmet restricted)
rElec  .         Spirit   .     (no cloak)
rCorr  .         Warding  .     (gloves unavailable)
rMut   .         Stasis   .     (boots unavailable)
MR     .....                    (no amulet)
Stlth  ++++......               (no ring)
                                g - ring of fire

@: very quick, not resistant to hostile enchantments, stealthy
A: unfitting armour, see invisible, herbivore 3, speed 3, slow metabolism 2
a: no special abilities


You were on level 2 of the Dungeon.
You were not hungry.

You visited 1 branch of the dungeon, and saw 2 of its levels.

You collected 36 gold pieces.

Inventory:

Hand Weapons
 a - a +1 dagger (weapon)
Armour
 b - a +1 robe (worn)
Jewellery
 g - a ring of fire (left hand)
 h - an uncursed amulet of clarity {unknown}
Scrolls
 e - 3 scrolls of remove curse {unknown}
 i - a scroll of immolation {unknown}
Potions
 f - a potion of degeneration {unknown}
Books
 c - a book of Maledictions

   Spells                             Type                      Level
   a - Corona                         Hexes                        1
   b - Ensorcelled Hibernation        Hexes/Ice                    2
   c - Confuse                        Hexes                        3
   d - Tukima's Dance                 Hexes                        3
   e - Dazzling Spray                 Conjuration/Hexes            3
Comestibles
 d - a bread ration


   Skills:
 - Level 1.1 Short Blades
 - Level 3.0 Dodging
 + Level 6.1 Stealth
 - Level 2.6 Spellcasting
 + Level 4.4 Hexes


You had 4 spell levels left.
You knew the following spells:

 Your Spells              Type           Power        Failure   Level  Hunger
a - Corona                Hex            ###....      2%          1    #......
b - Ensorcelled Hibernat  Hex/Ice        #.....       14%         2    ##.....


Dungeon Overview and Level Annotations

Branches:
Dungeon (2/15)

Altars:

Annotations:
D:2 Natasha


Innate Abilities, Weirdness & Mutations

You are tiny and cannot use many weapons and most armour.
You have supernaturally acute eyesight.
You are a herbivore.
You cover ground extremely quickly.
You need consume almost no food.


Message History

Aiming: Corona
Press: ? - help, Shift-Dir - straight line, f/p - Natasha
Aim: Natasha (chance to defeat MR: 54%) Natasha struggles to resist.
Natasha stares at you and mumbles some strange words.
The magic dart hits you!
Ouch! That really hurt!
Casting: Corona
Confirm with . or Enter, or press ? or * to list all spells.
Aiming: Corona
Press: ? - help, Shift-Dir - straight line, f/p - Natasha
Aim: Natasha (chance to defeat MR: 54%) Natasha is outlined in light.
Natasha stares at you and mumbles some strange words.
You resist with some effort. The iron imp hits you.
* * * LOW HITPOINT WARNING * * *
The iron imp misses you.
Natasha stares at you and mumbles some strange words.
The magic dart hits you!
You die...

#....##.# ########
#....##.# #....[.#
#....##.# #.####.#
#....##.#####.# #.#
#....##.......####.#
+...............##..
##....##########.....
#....## #.##.. #...@#
#..### #....#######
#..# +...h5......
..>. #....#######
#...# #....# #...#
#....# #.... #....#
...#.# ######


You could see an iron imp and Natasha.

Vanquished Creatures
  Natasha (D:2)
  4 bats (D:1)
  2 giant cockroaches (D:1)
  4 hobgoblins (D:1)
  5 kobolds (D:1)
  2 giant newts (D:1)
  A goblin (D:1)
  2 rats (D:1)
21 creatures vanquished.

Notes
Turn   | Place    | Note
--------------------------------------------------------------
     0 | D:1      | MenacingMecha the Spriggan Enchanter began the quest for the Orb.
     0 | D:1      | Reached XP level 1. HP: 9/9 MP: 5/5
   394 | D:1      | Reached skill level 5 in Stealth
   394 | D:1      | Reached XP level 2. HP: 10/13 MP: 6/6
   398 | D:1      | Learned a level 2 spell: Ensorcelled Hibernation
   883 | D:2      | Noticed Natasha
   888 | D:2      | Killed Natasha
   888 | D:2      | Reached skill level 6 in Stealth
   888 | D:2      | Reached XP level 3. HP: 16/16 MP: 5/8
   948 | D:2      | Noticed Natasha
   956 | D:2      | Killed from afar by Natasha

Action                   || total
-------------------------++-------
Melee: Dagger            ||    54
 Cast: Ensorcelled Hiber ||     2
       Corona            ||     2
 Stab: Sleeping          ||    10
